 Dungeon Crawl Stone Soup version 0.29-a0-575-g0dc89cf053 (console) character file.

Game seed: 6875842723700009809

168781 petzl the Eclecticist (level 18, -1/127 (144) HPs)
             Began as a Formicid Arcane Marksman on June 7, 2022.
             Was an Elder of Vehumet.
             Slain by an anaconda (4 damage)
             ... led by a naga ritualist
             ... on level 3 of the Snake Pit on June 17, 2022.
             The game lasted 06:05:43 (61570 turns).

petzl the Eclecticist (Formicid Arcane Marksman)   Turns: 61570, Time: 06:05:46

HP:   -1/127 (144)  AC: 22    Str:  8 (15) XL:     18   Next: 59%
MP:   27/37         EV: 11    Int:  9 (19) God:    Vehumet [****..]
Gold: 2333          SH:  5    Dex:  4 (9)  Spells: 13/47 levels left

rFire   + . .      SeeInvis +   d - +0 morningstar (protect)
rCold   . . .      Faith    .   L - +1 buckler {rPois}
rNeg    . . .      Spirit   .   v - +5 ring mail {rPois}
rPois   +          Reflect  .   (helmet unavailable)
rElec   .          Harm     .   B - +2 cloak of the Gastropod {Will+}
rCorr   .          Rampage  .   P - +2 pair of gloves
Will    +++..                   m - +2 pair of boots
Stlth   +++.......              r - amulet of regeneration
HPRegen 1.11/turn               G - +4 ring of evasion
MPRegen 0.25/turn               H - ring of willpower

@: very slightly contaminated, constricted, heavily drained, invisible
A: permanent stasis, dig shafts and tunnels, antennae 3, four strong arms,
iridescent scales 1, clumsy 1, deterioration 2, fire resistance 1, weak 1,
subdued magic 1
a: Dig, Shaft Self, Renounce Religion


You were on level 3 of the Snake Pit.
You worshipped Vehumet.
Vehumet was greatly pleased with you.
You visited 8 branches of the dungeon, and saw 35 of its levels.
You also visited: Gauntlet.

You collected 3213 gold pieces.
You spent 880 gold pieces at shops.

Inventory:

Hand Weapons
 a - a +3 hand crossbow of flaming
 b - a +2 demon whip of venom
 c - a +2 quarterstaff of chaos
 d - a +0 morningstar of protection (weapon)
 e - a +4 rapier of electrocution
 s - a +0 eveningstar
 F - the +5 glaive of the Asp {vorpal, rElec rN+ Int+3 Stlth+}
   (You found it on level 3 of the Lair of Beasts)

   It inflicts extra damage upon your enemies.
   Int:       It affects your intelligence (+3).
   rElec:     It insulates you from electricity.
   rN:        It protects you from negative energy.
   Stlth:     It makes you more stealthy.
Missiles
 u - 34 poisoned darts
 w - 2 curare-tipped darts (quivered) {!*}
 E - 7 silver javelins
Armour
 m - a +2 pair of boots (worn)
 v - a +5 ring mail of poison resistance (worn)
 x - the +3 tower shield of Weightlessness {rCorr Dex+2}
   (You found it in a Gauntlet)

   Dex:       It affects your dexterity (+2).
   rCorr:     It protects you from acid and corrosion.
 B - the +2 cloak of the Gastropod (worn) {Will+}
   (You found it in a Gauntlet)

   Will:      It increases your willpower.
 L - a +1 buckler of poison resistance (worn)
 P - a +2 pair of gloves (worn)
Jewellery
 i - a ring of protection from cold
 r - an amulet of regeneration (around neck)
 y - a ring of protection from fire
 C - a ring of fire
 D - a ring of flight
 G - a +4 ring of evasion (left hand)
 H - a ring of willpower (right hand)
 Z - a +4 ring of protection
Wands
 f - a wand of paralysis (5)
 l - a wand of mindburst (6)
 t - a wand of polymorph (14)
 A - a wand of iceblast (6)
 M - a wand of flame (36)
 S - a wand of digging (4)
Scrolls
 h - a scroll of amnesia
 j - 2 scrolls of magic mapping
 o - 6 scrolls of fog
 z - a scroll of summoning
 K - 5 scrolls of fear
Potions
 g - 3 potions of flight
 k - 3 potions of brilliance
 n - 5 potions of resistance
 q - 2 potions of heal wounds
 J - 2 potions of lignification
 Q - 3 potions of ambrosia
 T - 5 potions of curing
Miscellaneous
 N - a phial of floods (inert)


   Skills:
 + Level 13.6 Fighting
 - Level 2.0 Maces & Flails
 - Level 4.0 Crossbows
 - Level 4.3 Armour
 - Level 6.0 Dodging
 - Level 9.0 Stealth
 - Level 4.6 Shields
 + Level 15.4 Spellcasting
 + Level 13.9 Conjurations
 - Level 3.6 Hexes
 + Level 7.7 Necromancy
 - Level 10.8 Translocations
 - Level 5.1 Fire Magic
 - Level 4.0 Air Magic
 - Level 7.0 Earth Magic
 - Level 6.2 Poison Magic
 - Level 3.0 Evocations


You had 13 spell levels left.
You knew the following spells:

 Your Spells              Type           Power      Damage    Failure   Level
a - Slow                  Hex            40%        N/A       5%          1
b - Poisonous Vapours     Pois/Air       24%        N/A       1%          2
c - Stone Arrow           Conj/Erth      38%        3d9       1%          3
d - Fireball              Conj/Fire      9%         3d6       3%          5
f - Conjure Flame         Conj/Fire      18%        6-21      1%          3
m - Mephitic Cloud        Conj/Pois/Air  16%        N/A       1%          3
o - Orb of Destruction    Conj           12%        9d7       19%         7
p - Passage of Golubria   Tloc           20%        N/A       2%          4
u - Sublimation of Blood  Necr           16%        N/A       1%          2
T - Olgreb's Toxic Radia  Pois           13%        N/A       5%          4

Your spell library contained the following spells:

 Spells                   Type           Power      Damage    Failure   Level
 Iskenderun's Battlesphe  Conj           24%        2d8       1%          5
 Foxfire                  Conj/Fire      72%        2x1d7     1%          1
 Magic Dart               Conj           96%        1d7       1%          1
 Sandblast                Erth           30%        2d9       1%          1
 Shock                    Conj/Air       68%        1d7       1%          1
 Searing Ray              Conj           48%        2d6       1%          2
 Flame Wave               Conj/Fire      18%        2d6       1%          4
 Fulminant Prism          Conj/Hex       8%         3d7       1%          4
 Iskenderun's Mystic Bla  Conj/Tloc      22%        2d6       1%          4
 Inner Flame              Hex/Fire       11%        N/A       3%          3
 Portal Projectile        Hex/Tloc       30%        N/A       3%          3
 Hailstorm                Conj/Ice       14%        3d5       4%          4
 Lightning Bolt           Conj/Air       8%         1d21      4%          5
 Freeze                   Ice            20%        1d4       7%          1
 Sting                    Tmut/Pois      36%        1d4       7%          1
 Passwall                 Tmut/Erth      8%         N/A       9%          2
 Lee's Rapid Deconstruct  Erth           7%         3d8*      11%         5
 Airstrike                Air            5%         N/A       13%         4
 Tukima's Dance           Hex            10%        N/A       17%         3
 Frozen Ramparts          Ice            10%        1d3       21%         3
 Spider Form              Tmut/Pois      9%         N/A       21%         3
 Beastly Appendage        Tmut           10%        N/A       24%         1
 Leda's Liquefaction      Hex/Erth       6%         N/A       28%         4
 Summon Guardian Golem    Hex/Summ       7%         N/A       34%         3
 Wereblood                Tmut           5%         N/A       36%         2
 Cause Fear               Hex            5%         N/A       50%         4
 Call Canine Familiar     Summ           5%         N/A       61%         3
 Yara's Violent Unravell  Hex/Tmut       3%         3d4       63%         5
 Summon Lightning Spire   Summ/Air       8%         N/A       73%         4
 Spellforged Servitor     Conj/Summ      7%         N/A       95%         7
 Monstrous Menagerie      Summ           2%         N/A       100%        7
 Ozocubu's Refrigeration  Ice            2%         4d5       100%        7
 Summon Hydra             Summ           2%         N/A       100%        7
 Ignition                 Fire           6%         3d4       100%        8
 Swiftness                Air            Unusable   N/A       N/A         3

Dungeon Overview and Level Annotations

Branches:
Dungeon (15/15)            Temple (1/1) D:5            Lair (6/6) D:10
 Shoals (4/4) Lair:2        Snake (3/4) Lair:3        Slime (1/5) Lair:6
    Orc (2/2) D:12            Elf (3/3) Orc:2       Gauntlet (visited)
 Vaults: D:13-14     Depths: D:15

Altars:
Ashenzari
Cheibriados
Dithmenos
Elyvilon
Fedhas
Gozag
Hepliaklqana
Kikubaaqudgha
Makhleb
Nemelex Xobeh
Okawaru
Qazlal
Ru
Sif Muna
Trog
Uskayaw
Vehumet
Wu Jian
Xom
Yredelemnul
Zin
The Shining One
Beogh
Jiyva

Shops:
D:7 (   Orc:2 ([*:   Shoals:1 ((*   Shoals:2 *[

Annotations:
D:2 Sigmund
D:11 exclusions: downstairs and ugly thing, Snorg
D:13 exclusion: 2 downstairs
D:14 exclusions: downstairs, upstairs and yaktaur
Shoals:2 exclusion: 3 downstairs
Shoals:3 exclusion: 2 downstairs, Mara
Snake:1 Jorgrun
Elf:1 exclusion: downstairs
Elf:2 Zenata


Innate Abilities, Weirdness & Mutations

You cannot be hasted, slowed, berserked, paralysed or teleported.
You can dig through walls and to a lower floor.
You have a pair of large antennae on your head. (SInv)
Your four strong arms can wield two-handed weapons with a shield.
You are partially covered in iridescent scales. (AC +2)
You are clumsy. (Dex -2)
Your body often deteriorates upon taking damage.
Your flesh is heat resistant. (rF+)
You are weak. (Str -2)
Your spells are a little easier to cast, but a little less powerful.


Message History

The anaconda constricts you.
Aiming: Mindburst
Press: ? - help, Shift-Dir - straight line, f/p - anaconda
Aim: an anaconda (severely wounded, constricting you, chance to affect: 60%)
The anaconda resists with significant effort.
The anaconda bites you but does no damage.
The anaconda constricts you. The anaconda bites you!
* * * LOW HITPOINT WARNING * * *
The anaconda constricts you.
* * * LOW HITPOINT WARNING * * *
Okay, then.
Press: ? - help, v - describe, . - travel
Here: an anaconda (severely wounded, constricting you)
The floor.
Unknown command.
Unknown command.
You fade into invisibility!
You block the anaconda's attack. The anaconda constricts you.
* * * LOW HITPOINT WARNING * * *
Unknown command.
The anaconda barely misses you. The anaconda constricts you.
The anaconda bites you.
* * * LOW HITPOINT WARNING * * *
The anaconda constricts you.
Casting: Stone Arrow (safe; 1% risk of failure)
Confirm with . or Enter, or press ? or * to list all spells.
Aiming: Stone Arrow (safe; 1% risk of failure)
Press: ? - help, Shift-Dir - straight line, f/p - anaconda
Aim: an anaconda (severely wounded, constricting you, can't see you, 45% to hit)
Okay, then.
Casting: Stone Arrow (safe; 1% risk of failure)
Confirm with . or Enter, or press ? or * to list all spells.
Aiming: Orb of Destruction (dangerous; 19% risk of failure)
Press: ? - help, Shift-Dir - straight line, f/p - anaconda
Aim: an anaconda (severely wounded, constricting you, can't see you)
You miscast Orb of Destruction.
You are very lightly contaminated with residual magic.
Strange energies run through your body!!
* * * LOW HITPOINT WARNING * * *
The anaconda bites you.
You die...

# ##..[# .#
....#.#?#. #..
.#S..# .#
..........
#...$#.#####.#
.# #<#
#...N...#.{{#..#
{ #..#
#.....{{N..NN.#
.....
###{....#..?#.#
#......
##{^.....#...#
#......
##..##..#######
{###....
#....#.## ###.#
##...### .#
##N##.# #.....#
######N#
###......#
#......###
###..S{##
#####{# #S##
##@# ###


You could see an anaconda (can't see you).

Vanquished Creatures
  Nikola (Shoals:3)
  Frances (Shoals:1)
  Polyphemus (Shoals:3)
  Gastronok (Lair:3)
  Kirke (D:13)
  Ilsuiw (Shoals:2)
  2 orc warlords
  2 deep elf sorcerers
  2 elemental wellsprings (Shoals:1)
  A minotaur (Gauntlet)
  The ghost of Taurus the Cleaver, a journeyman MiFi of the Shining One (Lair:3)
  A dire elephant (Lair:1)
  A green death (Gauntlet)
  2 merfolk javelineers (Shoals:2)
  Josephine (D:12)
  4 merfolk impalers
  A rakshasa (D:14)
  An anaconda (Snake:1)
  3 merfolk avatars
  2 boulder beetles
  12 hydras
  6 two-headed ogres
  6 catoblepae
  3 centaur warriors
  9 dancing weapons
  A merfolk aquamancer (Shoals:4)
  4 tengu warriors
  An alligator (Lair:1)
  A satyr (Shoals:3)
  10 death yaks
  A naga sharpshooter (Snake:3)
  An orc high priest (Orc:2)
  2 shock serpents
  6 deep elf knights
  Amaemon (Lair:2)
  A fire crab (Lair:1)
  A salamander mystic (Snake:2)
  3 sea snakes
  6 deep elf archers
  24 deep elf zephyrmancers
  5 orc knights
  A mana viper (Snake:1)
  4 harpies
  24 deep elf pyromancers
  5 orc sorcerers
  16 manticores
  An ugly thing (D:13)
  An oklob plant (Gauntlet)
  3 fauns (Shoals:1)
  4 cyclopes
  20 elephants
  6 merfolk sirens
  An ice statue (Gauntlet)
  18 black mambas
  An eye of devastation (shapeshifter) (Elf:1)
  4 water nymphs
  An orange demon (Lair:2)
  8 cane toads
  9 komodo dragons
  A kobold demonologist (D:11)
  A yaktaur (shapeshifter) (D:13)
  3 rime drakes
  6 trolls
  3 hornets
  19 merfolk
  4 polar bears
  A wolf spider simulacrum (D:14)
  A wind drake (Shoals:3)
  26 blink frogs
  3 slime creatures
  5 dream sheep
  9 snapping turtles
  4 air elementals
  4 wraiths
  A shadow (D:9)
  5 wyverns
  3 water elementals
  78 yaks
  6 hogs
  2 fire elementals
  4 vampire mosquitoes
  4 basilisks
  2 steam dragons (Lair:1)
  Menkaure (D:7)
  7 nagas
  6 wargs
  4 acid dragons
  Edmund (D:5)
  24 water moccasins
  A black bear (D:4)
  A black bear (shapeshifter) (D:14)
  27 orc warriors
  3 ice beasts
  2 sky beasts
  12 wolves
  11 ogres
  A phantom (D:4)
  7 centaurs
  3 kobold brigands
  An earth elemental (Elf:1)
  13 bullfrogs
  A necrophage (D:8)
  4 scorpions
  A cane toad simulacrum (Lair:3)
  8 wights
  A howler monkey (D:13)
  An elephant simulacrum (Lair:3)
  An electric eel (Lair:1)
  2 hounds
  A jelly (D:6)
  18 orc priests
  Crazy Yiuf (D:3)
  5 iguanas
  Natasha (twice) (D:3)
  30 orc wizards
  7 hell rats (Lair:6)
  A statue (D:11)
  Robin (D:3)
  10 adders
  A river rat (Lair:6)
  2 white imps
  3 ufetubi
  A worm (D:5)
  2 dart slugs
  98 orcs
  6 ball pythons
  10 endoplasms
  7 giant cockroaches
  17 goblins
  7 hobgoblins
  8 jackals
  18 kobolds
  3 quokkas
  7 bats
  3 frilled lizards
  8 rats
877 creatures vanquished.

Vanquished Creatures (others)
  An anaconda (Snake:1)
  A deep elf zephyrmancer (Elf:1)
  A rime drake (Gauntlet)
  Natasha (D:3)
  An orc (Orc:1)
  A bush (Lair:6)
  82 fungi
  192 plants
  14 tentacles (Shoals:2)
294 creatures vanquished.

Grand Total: 1171 creatures vanquished

Notes
Turn   | Place    | Note
-------+----------+-------------------------------------------
     0 | D:1      | petzl the Formicid Arcane Marksman began the quest for the
                  | Orb.
     0 | D:1      | Reached XP level 1. HP: 15/15 MP: 2/2
    82 | D:1      | Found a faded altar of an unknown god.
   303 | D:1      | Reached XP level 2. HP: 17/21 MP: 3/3
   311 | D:1      | You fall into a shaft and drop 1 floor!
   333 | D:2      | You fall into a shaft and drop 1 floor!
   626 | D:2      | Learned a level 2 spell: Poisonous Vapours
   693 | D:2      | You fall into a shaft and drop 1 floor!
   932 | D:2      | Reached skill level 1 in Poison Magic
   932 | D:2      | Reached XP level 3. HP: 13/26 MP: 1/5
  1396 | D:1      | Reached skill level 1 in Air Magic
  1490 | D:1      | Reached skill level 2 in Spellcasting
  1592 | D:1      | Reached XP level 4. HP: 32/32 MP: 7/7
  1883 | D:2      | Noticed Sigmund
  2205 | D:3      | Found a runed translucent door.
  2206 | D:3      | Noticed Crazy Yiuf
  2296 | D:3      | Noticed Natasha
  2303 | D:4      | Noticed Robin
  3560 | D:2      | Reached XP level 5. HP: 31/37 MP: 8/8
  3841 | D:3      | You fall into a shaft and drop 2 floors!
  3841 | D:5      | Entered Level 5 of the Dungeon
  4023 | D:6      | Found an opulent altar of Gozag.
  4040 | D:6      | Noticed a centaur
  4041 | D:6      | Identified the +0 dagger of the Devouring Seeker {venom,
                  | rCorr}
  4303 | D:4      | Learned a level 1 spell: Magic Dart
  4310 | D:5      | Noticed Edmund
  4310 | D:5      | Noticed a black bear
  4316 | D:4      | You fall into a shaft and drop 1 floor!
  4343 | D:5      | Found a staircase to the Ecumenical Temple.
  4366 | D:5      | You fall into a shaft and drop 1 floor!
  4665 | D:5      | Noticed an ogre
  4728 | D:6      | Noticed a boulder beetle
  4761 | D:6      | Learned a level 4 spell: Olgreb's Toxic Radiance
  4784 | D:6      | Found a basalt altar of Yredelemnul.
  4806 | D:5      | Reached skill level 1 in Stealth
  4830 | D:5      | Reached skill level 3 in Spellcasting
  4830 | D:5      | Reached XP level 6. HP: 35/44 MP: 10/10
  4936 | D:5      | Killed Edmund
  4970 | Temple   | Entered the Ecumenical Temple
  5083 | D:5      | Reached skill level 1 in Conjurations
  5237 | D:5      | Noticed an ice beast
  5326 | D:5      | Reached XP level 7. HP: 50/50 MP: 12/12
  5426 | D:3      | Killed Robin
  5648 | D:3      | HP: 1/51 [orc/+0 dagger (2)]
  5651 | D:3      | You fall into a shaft and drop 1 floor!
  5972 | D:3      | Killed Natasha
  6129 | D:3      | Noticed Natasha
  6145 | D:3      | Killed Natasha
  6398 | D:3      | Reached skill level 4 in Spellcasting
  6573 | D:3      | Noticed Natasha
  6581 | D:3      | Killed Natasha
  6914 | D:3      | Killed Crazy Yiuf
  7132 | D:4      | Found a glowing silver altar of Zin.
  7181 | D:4      | Reached XP level 8. HP: 58/58 MP: 0/14
  8037 | D:5      | Reached skill level 1 in Armour
  8037 | D:5      | Reached skill level 1 in Evocations
  8379 | D:6      | Reached skill level 5 in Stealth
  8678 | D:6      | Reached skill level 5 in Spellcasting
  8746 | D:6      | Reached XP level 9. HP: 64/64 MP: 7/16
  9243 | D:6      | Reached skill level 5 in Poison Magic
  9877 | D:6      | Found a bloodstained altar of Trog.
  9884 | D:6      | Found a sparkling altar of Nemelex Xobeh.
  9884 | D:6      | Found a snail-covered altar of Cheibriados.
  9884 | D:6      | Found an iron altar of Okawaru.
  9887 | D:6      | Found an ancient bone altar of Kikubaaqudgha.
  9888 | D:6      | Found a shimmering blue altar of Sif Muna.
  9889 | D:6      | Found a radiant altar of Vehumet.
  9890 | D:6      | Found a glowing golden altar of the Shining One.
  9893 | D:6      | Became a worshipper of Vehumet
  9895 | D:6      | Found a stormy altar of Qazlal.
 10174 | D:7      | Noticed Menkaure
 10281 | D:7      | Found Sol Yteh's Antique Weapon Boutique.
 11024 | D:7      | Killed Menkaure
 11403 | D:8      | Reached skill level 6 in Spellcasting
 11582 | D:8      | Reached XP level 10. HP: 54/73 MP: 5/19
 12447 | D:9      | Noticed a two-headed ogre
 12453 | D:8      | Reached * piety under Vehumet
 12453 | D:8      | Offered knowledge of Shock by Vehumet.
 12584 | D:10     | Entered Level 10 of the Dungeon
 12634 | D:10     | HP: 2/73 [orc warrior/+0 battleaxe (16)]
 12719 | D:9      | Reached skill level 5 in Fighting
 13284 | D:9      | Reached skill level 7 in Spellcasting
 13649 | D:9      | Killed a two-headed ogre
 13650 | D:9      | Reached skill level 5 in Conjurations
 14143 | D:10     | Offered knowledge of Foxfire by Vehumet.
 14150 | D:10     | Reached XP level 11. HP: 81/81 MP: 6/22
 14247 | D:10     | Found a staircase to the Lair.
 14259 | D:10     | Reached ** piety under Vehumet
 14261 | D:10     | You fall into a shaft and drop 1 floor!
 14318 | D:11     | Noticed Snorg
 14348 | D:11     | Upgraded the game from 0.29-a0-553-g81b289dbe5 to
                  | 0.29-a0-557-g43b9904bd1
 14938 | D:11     | Found a radiant altar of Vehumet.
 15212 | D:11     | Noticed a brown ugly thing
 15970 | Lair:1   | Entered Level 1 of the Lair of Beasts
 15996 | Lair:1   | Reached skill level 8 in Spellcasting
 16112 | D:10     | HP: 1/83 [yak (13)]
 16732 | D:10     | Learned a level 3 spell: Stone Arrow
 17432 | D:12     | Noticed a manticore
 17468 | D:11     | Reached skill level 1 in Earth Magic
 17532 | D:12     | Noticed a two-headed ogre
 17565 | D:12     | Noticed a two-headed ogre
 17594 | D:12     | Killed a two-headed ogre
 17743 | D:12     | Noticed a two-headed ogre
 17786 | D:12     | Noticed a cyclops
 17791 | D:12     | Noticed a two-headed ogre
 18036 | D:6      | You fall into a shaft and drop 2 floors!
 18434 | Lair:1   | Reached XP level 12. HP: 64/75 MP: 12/24
 18434 | Lair:1   | Offered knowledge of Scorch by Vehumet.
 18437 | Lair:1   | Reached skill level 5 in Earth Magic
 19094 | Lair:2   | Found a staircase to the Shoals.
 19162 | Lair:2   | Reached *** piety under Vehumet
 19285 | Lair:2   | Identified the +2 scale mail of Gravitas {Rampage Int-5
                  | Dex-5 Slay+5}
 20564 | Lair:2   | Noticed Amaemon
 20575 | Lair:2   | Killed Amaemon
 20842 | Lair:2   | You fall into a shaft and drop 1 floor!
 20851 | Lair:3   | You fall into a shaft and drop 2 floors!
 20851 | Lair:5   | Noticed a five-headed hydra
 20854 | Lair:5   | You fall into a shaft and drop 1 floor!
 20854 | Lair:6   | Entered Level 6 of the Lair of Beasts
 21331 | Lair:5   | Noticed a seven-headed hydra
 21436 | Lair:4   | Found a hide-covered altar of Uskayaw.
 21436 | Lair:4   | Found an ornate altar of the Wu Jian Council.
 21436 | Lair:4   | Noticed a boulder beetle
 21459 | Lair:4   | Killed a boulder beetle
 21460 | Lair:4   | Reached skill level 9 in Spellcasting
 21722 | Lair:4   | Offered knowledge of Mephitic Cloud by Vehumet.
 21727 | Lair:4   | Learned a level 3 spell: Mephitic Cloud
 21882 | Lair:4   | Reached skill level 5 in Dodging
 21882 | Lair:4   | Reached XP level 13. HP: 89/98 MP: 10/26
 22294 | Lair:3   | Noticed Gastronok
 22344 | Lair:4   | Reached **** piety under Vehumet
 23039 | Lair:5   | Reached skill level 10 in Spellcasting
 23047 | Lair:5   | Offered knowledge of Lightning Bolt by Vehumet.
 23238 | Lair:6   | Found a staircase to the Slime Pits.
 23238 | Lair:6   | Found a viscous altar of Jiyva.
 23489 | Lair:1   | You fall into a shaft and drop 1 floor!
 24117 | Lair:3   | Noticed a five-headed hydra
 24150 | Lair:2   | Learned a level 7 spell: Orb of Destruction
 24460 | Lair:3   | Reached skill level 10 in Conjurations
 24966 | Lair:3   | Found a staircase to the Snake Pit.
 25152 | Lair:3   | You fall into a shaft and drop 1 floor!
 25568 | Lair:3   | Noticed an eight-headed hydra
 25687 | Lair:3   | You fall into a shaft and drop 1 floor!
 25793 | Lair:3   | Killed an eight-headed hydra
 25890 | Lair:3   | Identified the +5 glaive of the Asp {vorpal, rElec rN+
                  | Int+3 Stlth+}
 25963 | Lair:3   | Found a runed translucent gate.
 25966 | Lair:3   | Found a runed translucent gate.
 25967 | Lair:3   | Found a runed translucent gate.
 26052 | Lair:3   | Noticed Taurus's ghost (journeyman MiFi)
 26061 | Lair:3   | Killed Gastronok
 26062 | Lair:3   | Reached skill level 11 in Spellcasting
 26062 | Lair:3   | Reached XP level 14. HP: 109/109 MP: 1/29
 26689 | Lair:2   | You fall into a shaft and drop 1 floor!
 27011 | Lair:2   | You fall into a shaft and drop 1 floor!
 27215 | Lair:2   | Reached skill level 10 in Fighting
 27228 | Lair:2   | You fall into a shaft and drop 1 floor!
 27438 | Lair:2   | You fall into a shaft and drop 1 floor!
 27789 | Lair:2   | Found the +8 whip "Snakebite" {venom, curare, rPois}
 28517 | Lair:1   | Noticed a dire elephant
 28521 | Lair:1   | You fall into a shaft and drop 1 floor!
 28633 | Lair:1   | Reached ***** piety under Vehumet
 28753 | Lair:1   | You fall into a shaft and drop 1 floor!
 28920 | Lair:1   | Killed a dire elephant
 28972 | Lair:1   | Offered knowledge of Eringya's Noxious Bog by Vehumet.
 30078 | Lair:5   | You fall into a shaft and drop 1 floor!
 30191 | Lair:4   | Learned a level 2 spell: Sublimation of Blood
 30515 | Lair:5   | Reached skill level 1 in Shields
 30521 | Lair:5   | Reached skill level 12 in Spellcasting
 31566 | Lair:6   | Reached XP level 15. HP: 119/119 MP: 12/31
 32753 | Slime:1  | Entered Level 1 of the Pits of Slime
 33600 | Lair:6   | Reached skill level 13 in Spellcasting
 33766 | Lair:6   | Reached skill level 1 in Necromancy
 35149 | Lair:3   | You fall into a shaft and drop 2 floors!
 35271 | Lair:3   | Killed Taurus's ghost
 35866 | D:12     | Found a staircase to the Orcish Mines.
 36035 | D:12     | Noticed Josephine
 36150 | D:12     | Killed Josephine
 37130 | D:12     | Reached skill level 14 in Spellcasting
 37427 | Orc:1    | Entered Level 1 of the Orcish Mines
 37575 | Orc:2    | Entered Level 2 of the Orcish Mines
 37580 | Orc:2    | Found a burning altar of Makhleb.
 37583 | Orc:2    | Found a staircase to the Elven Halls.
 37714 | Orc:2    | Reached XP level 16. HP: 128/129 MP: 24/34
 37715 | Orc:2    | Found a gate leading to a gauntlet.
 37731 | Gauntlet | Entered a Gauntlet
 37731 | Gauntlet | Found a transporter.
 37731 | Gauntlet | Found a transporter.
 37731 | Gauntlet | Found a runed translucent gate.
 37739 | Gauntlet | Found a transporter.
 37743 | Gauntlet | Found a transporter.
 37756 | Gauntlet | Found a transporter.
 37760 | Gauntlet | Found a transporter.
 37774 | Gauntlet | Found a transporter.
 37788 | Gauntlet | Found the +3 pair of seven-league boots {Rampage+∞}
 37790 | Gauntlet | Found a transporter.
 37797 | Gauntlet | Found a transporter.
 37817 | Gauntlet | Found a transporter.
 37830 | Gauntlet | Found a transporter.
 37834 | Gauntlet | Found a transporter.
 37836 | Gauntlet | Found a runed translucent gate.
 37836 | Gauntlet | Found a runed translucent gate.
 38254 | Gauntlet | Identified the +0 cloak of the Planets {Int+2}
 38593 | Gauntlet | Identified the +3 tower shield of Weightlessness {rCorr
                  | Dex+2}
 38596 | Gauntlet | Identified the +2 cloak of the Gastropod {Will+}
 38597 | Gauntlet | Got Qiefoela's Incunabulum of Lightness and the Escort
 39331 | Orc:2    | Upgraded the game from 0.29-a0-557-g43b9904bd1 to
                  | 0.29-a0-575-g0dc89cf053
 39746 | Orc:2    | Found Ficregym's General Store.
 39748 | Orc:2    | Found Egudd's Book Emporium.
 39755 | Orc:2    | Found Meyzuonn's Antique Armour Emporium.
 39769 | Orc:2    | Found Cal Juer's Antique Weapon Emporium.
 39784 | Orc:2    | Bought a scroll of identify for 28 gold pieces
 39833 | Orc:2    | Bought Great Wizards, Vol. VII for 390 gold pieces
 39838 | Orc:2    | Learned a level 4 spell: Passage of Golubria
 39921 | Orc:2    | Offered knowledge of Lee's Rapid Deconstruction by Vehumet.
 40036 | Orc:2    | Reached skill level 1 in Translocations
 40522 | Orc:2    | Gained mutation: Armour fits poorly on your strangely
                  | shaped body. [potion of mutation]
 40522 | Orc:2    | Gained mutation: You expend magic power (3 MP) to
                  | strengthen your wands. [potion of mutation]
 40522 | Orc:2    | Gained mutation: You have large cloven feet. [potion of
                  | mutation]
 40522 | Orc:2    | Gained mutation: You are partially covered in iridescent
                  | scales. (AC +2) [potion of mutation]
 40554 | Orc:2    | Bought a scroll of enchant armour for 105 gold pieces
 40554 | Orc:2    | Bought a potion of mutation for 112 gold pieces
 40554 | Orc:2    | Lost mutation: Armour fits poorly on your strangely shaped
                  | body. [potion of mutation]
 40554 | Orc:2    | Lost mutation: You expend magic power (3 MP) to strengthen
                  | your wands. [potion of mutation]
 40554 | Orc:2    | Gained mutation: You are frail. (-10% HP) [potion of
                  | mutation]
 40554 | Orc:2    | Gained mutation: You have hidden genetic defects. [potion
                  | of mutation]
 40554 | Orc:2    | Gained mutation: Your body sometimes deteriorates upon
                  | taking damage. [potion of mutation]
 40580 | Elf:1    | Entered Level 1 of the Elven Halls
 41463 | Elf:1    | Reached skill level 5 in Translocations
 41661 | Orc:1    | Gained mutation: Your body often deteriorates upon taking
                  | damage. [hidden defects]
 42494 | Elf:1    | Gained mutation: You are clumsy. (Dex -2) [hidden defects]
 42494 | Elf:1    | Lost mutation: You have hidden genetic defects. [hidden
                  | defects expressed]
 43316 | Elf:1    | Got the Guide on Supportive Conjuration
 43345 | Elf:1    | Noticed a deep elf sorcerer
 43364 | Elf:1    | Killed a deep elf sorcerer
 43548 | Elf:1    | Reached XP level 17. HP: 69/121 MP: 13/35
 43591 | Elf:1    | HP: 5/111 [+2 glaive of flaming (12)]
 44040 | Elf:2    | Noticed Zenata
 44397 | Elf:2    | Reached skill level 1 in Maces & Flails
 44571 | Elf:3    | Entered Level 3 of the Elven Halls
 44586 | Elf:3    | Offered knowledge of Fireball by Vehumet.
 44593 | Elf:3    | Learned a level 5 spell: Fireball
 45331 | Elf:2    | Reached skill level 1 in Fire Magic
 46846 | D:13     | Noticed Kirke
 47106 | Shoals:1 | Entered Level 1 of the Shoals
 47106 | Shoals:1 | Found Xunelafa's Weapon Emporium.
 47195 | Shoals:1 | Reached skill level 15 in Spellcasting
 47543 | Shoals:1 | Found Begyh's Antique Weapon Boutique.
 47556 | Shoals:1 | Found Coalut's General Store.
 47567 | Shoals:1 | Bought a scroll of magic mapping for 49 gold pieces
 47567 | Shoals:1 | Bought a scroll of identify for 28 gold pieces
 47567 | Shoals:1 | Bought a scroll of identify for 28 gold pieces
 47646 | Shoals:1 | Lost mutation: You are frail. (-10% HP) [potion of
                  | mutation]
 47646 | Shoals:1 | Lost mutation: You have large cloven feet. [potion of
                  | mutation]
 47646 | Shoals:1 | Gained mutation: Your spells are a little easier to cast,
                  | but a little less powerful. [potion of mutation]
 47646 | Shoals:1 | Gained mutation: You are weak. (Str -2) [potion of
                  | mutation]
 47646 | Shoals:1 | Gained mutation: Your flesh is heat resistant. (rF+)
                  | [potion of mutation]
 47656 | Shoals:1 | Noticed Frances
 47664 | Shoals:1 | Killed Frances
 47745 | Shoals:2 | Found the +5 robe of Misfortune {Harm *Corrode *Slow EV+5}
 49213 | Shoals:2 | Noticed Ilsuiw
 49938 | Shoals:2 | Killed Ilsuiw
 50053 | Shoals:2 | Found Enluf's Gadget Gallery.
 50064 | Shoals:2 | Bought a wand of iceblast (3) for 91 gold pieces
 50345 | Shoals:2 | Offered knowledge of Iskenderun's Battlesphere by Vehumet.
 50993 | Shoals:2 | Reached skill level 5 in Fire Magic
 51251 | Shoals:2 | Found Uschiqim's Armour Boutique.
 51754 | Shoals:2 | Reached skill level 5 in Necromancy
 51754 | Shoals:2 | Reached XP level 18. HP: 144/144 MP: 16/37
 52207 | Shoals:2 | Noticed a kraken
 52703 | Shoals:3 | Noticed Mara
 52703 | Shoals:3 | Found Sofup's Jewellery Shoppe.
 52708 | Shoals:3 | Noticed Nikola
 53206 | Shoals:3 | Killed Nikola
 53393 | Shoals:3 | Noticed Polyphemus
 53401 | Shoals:3 | Killed Polyphemus
 54212 | Shoals:4 | Entered Level 4 of the Shoals
 54982 | Shoals:3 | Reached skill level 10 in Translocations
 55541 | Shoals:3 | Learned a level 3 spell: Conjure Flame
 55579 | Shoals:3 | Noticed petzl's illusion
 56686 | Orc:2    | Bought a scroll of fear for 49 gold pieces
 56921 | D:15     | Entered Level 15 of the Dungeon
 57569 | D:13     | Killed Kirke
 59989 | Snake:1  | Entered Level 1 of the Snake Pit
 60570 | Snake:2  | Found a shimmering altar of Xom.
 61411 | Snake:1  | Noticed Jorgrun
 61442 | Snake:1  | You fall into a shaft and drop 1 floor!
 61445 | Snake:2  | You fall into a shaft and drop 1 floor!
 61570 | Snake:3  | HP: 2/127 [something (24)]
 61570 | Snake:3  | Slain by an anaconda

Illustrated notes

Levels and vault maps discovered:
D:1:      dpeg_arrival_concentric_ovals, layout_loops_ring,
          shapermc_ecumenical_altar_acropolis, minivault_26, minmay_circled_x
D:2:      layout_loops_ring, uniq_sigmund
D:3:      layout_loops_ring, uniq_natasha, uniq_crazy_yiuf_cottage
D:4:      layout_basic, mainiacjoe_overflow_small_starburst,
          chequers_serial_rivers_room_b, uniq_robin
D:5:      layout_basic, temple_fountains, uniq_edmund
D:6:      layout_layer_cave, minitemple
D:7:      layout_loops_corners, serial_shops, shop, uniq_menkaure
D:8:      layout_loops_ring
D:9:      layout_loops_ring, special_room [special_room_orc]
D:10:     layout_loops_ring, erik_lair_orcish_takeover, serial_glass,
          glass_columns_a, glass_columns_a, glass_columns_c, glass_columns_a,
          glass_columns_c, item_on_display_b, st_stairs_7
D:11:     layout_loops_corners, vehumet_statue, uniq_snorg
D:12:     layout_roguey, david_orc_1_choice, hangedman_abyss_or_decor_slice,
          small_chamber_with_monster, uniq_josephine
D:13:     layout_irregular_city, grunt_potential, uniq_kirke
D:14:     layout_gridville, david_vaults_2, minmay_misc_feat_more_columns,
          minivault_25_ag, minmay_rotating_lava
D:15:     grunt_enter_depths_magical_seal, layout_loops_ring,
          minmay_misc_feat_chi
Temple:   zaba_magenta_temple
Lair:1:   layout_layer_cave, nicolae_lair_lakeside_cave
Lair:2:   minmay_guarded_unrand_snakebite, layout_regular_city,
          minmay_shoals_entry_lonely_mermaid, uniq_amaemon
Lair:3:   nzn_winding_woodlands_three_and_one
          [nzn_winding_woodlands_5x15_jagged, nzn_winding_woodlands_5x15_eye,
          nzn_winding_woodlands_5x15_crooked,
          nzn_winding_woodlands_center_triple_pond], layout_hall_layers,
          guppyfry_snake_entry_garden, portal_ice_cave_entry_ice_simulacra,
          ebering_ghost_rock_garden, serial_bayou_crossing, uniq_gastronok
Lair:4:   layout_roguey, wad_woods_road_03, nzn_masters_of_martial_movement,
          serial_bayou_shore_b
Lair:5:   layout_roguey
Lair:6:   evilmike_catoblepas_cave, layout_regular_city, slime_altar_1,
          enter_volcano_2, kennysheep_abandoned_house, serial_bayou_shore_b
Shoals:1: layout_shoals, serial_shops, nicolae_shop_crystal,
          nicolae_shop_window_shopping, shop, nicolae_shoals_spring_well_temple,
          uniq_frances
Shoals:2: nzn_motion_control, layout_shoals, serial_shops, shop,
          nicolae_shop_gadgets, uniq_ilsuiw
Shoals:3: layout_shoals, nicolae_stop_n_shop_1, uniq_nikola, uniq_polyphemus,
          uniq_mara
Shoals:4: shoals_end_grunt_ice, layout_shoals, shoals_ilsuiw_ice
Snake:1:  layout_cave_pods, uniq_jorgrun
Snake:2:  kennysheep_six_static_rooms, layout_misc_corridors, basic_altar
Snake:3:  layout_honeycomb, ebering_ghost_inner_flame, basic_altar,
          serial_shops, nicolae_stop_n_shop_1, st_stairs_12, drop_trap,
          nicolae_shop_self_help, uniq_azrael
Slime:1:  cheibrodos_slime_lost_civilization_9, layout_caves, basic_altar
Orc:1:    layout_caves
Orc:2:    grunt_orc_cross, layout_caves, basic_altar, gauntlet_entry_generic
Elf:1:    layout_gridlike, minmay_elf_sorcery,
          hangedman_elven_crosses_minicolossus
Elf:2:    elven_hall_of_blades_hangedman_alternative [nicolae_blade_tridents],
          layout_geoelf_octagon, portal_desolation_entry_nicolae_slug,
          nicolae_elevator_lobby_plus, uniq_zenata
Elf:3:    elf_hall_gauntlet_narrow, layout_gridlike, ebering_ghost_rock_garden

Skill      XL: |  1  2  3  4  5  6  7  8  9 10 11 12 13 14 15 16 17 18 |
---------------+-------------------------------------------------------+-----
Poison Magic   | 1 2 3 4 5 6 |  6.2
Air Magic      | 1 2 3 4 |  4.0
Spellcasting   | 2 3 4 5 6 7 8 9 11 12 14 15 | 15.4
Stealth        | 1 3 4 5 6 7 9 |  9.0
Fighting       | 2 3 4 6 7 8 9 11 12 13 | 13.6
Conjurations   | 1 2 3 5 7 8 10 12 13 | 13.9
Dodging        | 2 3 5 6 |  6.0
Armour         | 1 3 4 |  4.3
Evocations     | 1 3 |  3.0
Crossbows      | 3 4 |  4.0
Earth Magic    | 4 6 7 |  7.0
Shields        | 3 4 |  4.6
Necromancy     | 3 4 5 7 |  7.7
Translocations | 8 9 10 | 10.8
Maces & Flails | 2 |  2.0
Fire Magic     | 5 |  5.1
Hexes          | |  3.6

Action                   |  1- 3 |  4- 6 |  7- 9 | 10-12 | 13-15 | 16-18 || total
-------------------------+-------+-------+-------+-------+-------+-------++-------
Melee: Dagger            |       |    34 |   274 |   153 |       |       ||   461
       Punch             |       |       |     4 |     2 |     2 |     6 ||    14
       Quarterstaff      |       |       |    34 |    72 |    10 |     1 ||   117
       Demon whip        |       |       |       |     3 |    83 |    55 ||   141
       Whip              |       |       |       |       |   119 |       ||   119
       Hand crossbow     |       |       |       |       |     1 |       ||     1
       Morningstar       |       |       |       |       |       |   154 ||   154
       Rapier            |       |       |       |       |       |    13 ||    13
 Fire: Hand crossbow     |   100 |   158 |    64 |   111 |    49 |    65 ||   547
Throw: Dart              |       |       |       |    14 |     1 |     2 ||    17
 Cast: Slow              |     5 |    26 |    99 |    55 |       |       ||   185
       Poisonous Vapours |       |    21 |    96 |    15 |       |       ||   132
       Olgreb's Toxic Ra |       |       |       |   132 |    80 |    40 ||   252
       Stone Arrow       |       |       |       |    76 |   124 |    57 ||   257
       Mephitic Cloud    |       |       |       |     1 |    62 |    63 ||   126
       Orb of Destructio |       |       |       |       |   178 |   394 ||   572
       Sublimation of Bl |       |       |       |       |     9 |    25 ||    34
       Passage of Golubr |       |       |       |       |       |    36 ||    36
       Fireball          |       |       |       |       |       |   115 ||   115
       Conjure Flame     |       |       |       |       |       |     9 ||     9
 Abil: Shaft Self        |     3 |     3 |     1 |     5 |    11 |     2 ||    25
       Dig               |       |     1 |       |     5 |    18 |    14 ||    38
Evoke: Wand              |       |       |    16 |    11 |     1 |    45 ||    73
       Phial of floods   |       |       |       |       |       |     2 ||     2
  Use: Scroll            |       |     4 |     2 |     6 |     9 |    14 ||    35
       Potion            |       |     2 |     3 |     4 |     1 |    17 ||    27
 Stab: Sleeping          |       |       |     4 |     1 |       |     1 ||     6
       Confused          |       |       |       |       |     8 |    10 ||    18
       Petrified         |       |       |       |       |       |     6 ||     6
       Paralysed         |       |       |       |       |       |     2 ||     2
Armor: Robe              |    12 |    76 |   110 |    12 |       |       ||   210
       Leather armour    |       |       |       |    87 |   116 |     7 ||   210
       Ring mail         |       |       |       |       |       |   382 ||   382
Dodge: Dodged            |    54 |   163 |   221 |   172 |   240 |   417 ||  1267
Block: Buckler           |       |       |       |       |       |    26 ||    26

Table legend: (Time is in decaauts)
 A = Elapsed time spent in this place.
 B = Non-inter-level travel time spent in this place.
 C = Inter-level travel time spent in this place.
 D = Time resting spent in this place.
 E = Time spent auto-exploring this place.
 F = Levels seen in this place.
 G = Mean time per level.
                   A        B        C        D        E       F      G
               +--------+--------+--------+--------+--------+-----+--------+
         Total |  61958 |  57087 |   4871 |  26218 |  12436 |  36 | 1721.1 |
       Dungeon |  24864 |  22509 |   2355 |   7758 |   7189 |  15 | 1657.6 |
        Temple |     73 |     54 |     19 |      0 |     50 |   1 |   73.0 |
          Lair |  18307 |  16976 |   1331 |   8297 |   3528 |   6 | 3051.2 |
        Shoals |   8186 |   7558 |    628 |   4904 |    394 |   4 | 2046.5 |
     Snake Pit |   1350 |   1350 |      0 |    697 |     58 |   3 |  450.0 |
    Slime Pits |      1 |      1 |      0 |      0 |      0 |   1 |    1.0 |
  Orcish Mines |   2872 |   2647 |    225 |   1077 |    806 |   2 | 1436.0 |
   Elven Halls |   5367 |   5056 |    311 |   2983 |    410 |   3 | 1789.0 |
      Gauntlet |    934 |    934 |      0 |    501 |      0 |   1 |  934.0 |
               +--------+--------+--------+--------+--------+-----+--------+

Top non-repeatable levels by time:
  Lair:6: 3943 daAuts
Shoals:2: 3910 daAuts
   Elf:1: 3875 daAuts
  Lair:2: 3540 daAuts
  Lair:1: 3203 daAuts
  Lair:3: 3123 daAuts
Shoals:1: 2581 daAuts
     D:3: 2519 daAuts
    D:13: 2491 daAuts
  Lair:4: 2363 daAuts
    D:12: 2233 daAuts
    D:10: 2182 daAuts
     D:6: 2148 daAuts
  Lair:5: 2132 daAuts
    D:11: 2116 daAuts
